| TOP OF THE 1ST |
|
San Diego Padres batting - Pitching for Milwaukee Brewers : RHP Travis Southern
|
|
Pitching: RHP Travis Southern
|
|
|
Batting: RHB Hildo Pot
|
0-0: Ball 1-0: Swinging Strike 1-1: Foul Ball, location: 2F 1-2: Ground out 5-3 (Groundball, 56, EV 105.0 MPH)
|
|
Batting: LHB Aaron LeBlanc
|
0-0: Foul Ball, location: 2F 0-1: Fly out, F7 (Flyball, 78S, EV 90.0 MPH)
|
|
Batting: LHB Mike Holt
|
0-0: Fly out, F5 (Popup, 5SF, EV 76.9 MPH)
|
| Top of the 1st over - 0 runs, 0 hits, 0 errors, 0 left on base; San Diego 0 - Milwaukee 0 |
| BOTTOM OF THE 1ST |
|
Milwaukee Brewers batting - Pitching for San Diego Padres : LHP Matt Wheeler
|
|
Pitching: LHP Matt Wheeler
|
|
|
Batting: RHB Ryan Neal
|
0-0: Swinging Strike 0-1: Ball 1-1: Called Strike 1-2: Ball 2-2: Ground out U3 (Groundball, 3, EV 90.0 MPH)
|
|
Batting: RHB Adrian Rudkilde
|
0-0: Ball 1-0: Ball 2-0: Foul Ball, location: 2F 2-1: Foul Ball, location: 2F 2-2: Strikes out looking
|
|
Batting: SHB Junzo Kato
|
0-0: Called Strike 0-1: Foul Ball, location: 2F 0-2: Strikes out swinging
|
| Bottom of the 1st over - 0 runs, 0 hits, 0 errors, 0 left on base; San Diego 0 - Milwaukee 0 |
| TOP OF THE 2ND |
|
San Diego Padres batting - Pitching for Milwaukee Brewers : RHP Travis Southern
|
|
Batting: RHB Elijah Campbell
|
0-0: Foul Ball, location: 2F 0-1: Ball 1-1: Ground out 6-3 (Groundball, 56, EV 83.1 MPH)
|
|
Batting: SHB Adam Martin
|
0-0: Called Strike 0-1: Called Strike 0-2: Ball 1-2: Strikes out swinging
|
|
Batting: LHB Angel Mejia
|
0-0: Foul Ball, location: 2F 0-1: Called Strike 0-2: Foul Ball, location: 2F 0-2: Ball 1-2: Strikes out looking
|
| Top of the 2nd over - 0 runs, 0 hits, 0 errors, 0 left on base; San Diego 0 - Milwaukee 0 |
| BOTTOM OF THE 2ND |
|
Milwaukee Brewers batting - Pitching for San Diego Padres : LHP Matt Wheeler
|
|
Batting: RHB Kisho Ito
|
0-0: Called Strike 0-1: Called Strike 0-2: Ball 1-2: Foul Ball, location: 2F 1-2: Ground out 4-3 (Groundball, 4, EV 91.2 MPH)
|
|
Batting: RHB Daniel Donovan
|
0-0: Called Strike 0-1: Ball 1-1: Ball 2-1: Called Strike 2-2: Ground out 4-3 (Groundball, 4, EV 88.1 MPH)
|
|
Batting: RHB Colin Boddy
|
0-0: Called Strike 0-1: Ball 1-1: Swinging Strike 1-2: Ball 2-2: Strikes out swinging
|
| Bottom of the 2nd over - 0 runs, 0 hits, 0 errors, 0 left on base; San Diego 0 - Milwaukee 0 |
| TOP OF THE 3RD |
|
San Diego Padres batting - Pitching for Milwaukee Brewers : RHP Travis Southern
|
|
Batting: RHB Rodolfo Rivera
|
0-0: Ball 1-0: Foul Ball, location: 2F 1-1: DOUBLE (Line Drive, 9LM, EV 91.9 MPH)
|
|
Batting: RHB Wally Cangro
|
0-0: Called Strike 0-1: Fly out, F9 (Flyball, 89D, EV 108.1 MPH) Runner from 2nd tags up, SAFE at 3rd, no throw by RF
|
|
Batting: RHB Brian DeVoe
|
0-0: Called Strike 0-1: Called Strike 0-2: Foul Ball, location: 2F 0-2: Ground out 6-3 (Groundball, 56, EV 86.9 MPH) Rodolfo Rivera scores
|
|
Batting: RHB Hildo Pot
|
0-0: Called Strike 0-1: Swinging Strike 0-2: Ball 1-2: Strikes out swinging, 2-3 out at first.
|
| Top of the 3rd over - 1 run, 1 hit, 0 errors, 0 left on base; San Diego 1 - Milwaukee 0 |
| BOTTOM OF THE 3RD |
|
Milwaukee Brewers batting - Pitching for San Diego Padres : LHP Matt Wheeler
|
|
Batting: SHB Pat Wilson
|
0-0: Ball 1-0: Swinging Strike 1-1: Ball 2-1: Ground out 6-3 (Groundball, 56, EV 87.5 MPH)
|
|
Batting: RHB Chris King
|
0-0: Called Strike 0-1: DOUBLE (Line Drive, 5D, EV 100.0 MPH)
|
|
Batting: LHB Gabe Harvey
|
0-0: Ball 1-0: Called Strike 1-1: Foul Ball, location: 2F 1-2: Strikes out swinging
|
|
Batting: RHB Ryan Neal
|
0-0: Called Strike 0-1: Swinging Strike 0-2: Foul Ball, location: 2F 0-2: Foul Ball, location: 2F 0-2: Strikes out swinging
|
| Bottom of the 3rd over - 0 runs, 1 hit, 0 errors, 1 left on base; San Diego 1 - Milwaukee 0 |
| TOP OF THE 4TH |
|
San Diego Padres batting - Pitching for Milwaukee Brewers : RHP Travis Southern
|
|
Batting: LHB Aaron LeBlanc
|
0-0: SINGLE (Flyball, 6D, EV 93.8 MPH)
|
|
Batting: LHB Mike Holt
|
0-0: Foul Ball, location: 2F 0-1: Foul Ball, location: 2F 0-2: Fly out, F9 (Flyball, 89M, EV 90.6 MPH)
|
|
Batting: RHB Elijah Campbell
|
0-0: Ball 1-0: 2-RUN HOME RUN (Flyball, 9LD, EV 93.1 MPH), Distance : 338 ft
|
|
Batting: SHB Adam Martin
|
0-0: Ball 1-0: Called Strike 1-1: Ball 2-1: Foul Ball, location: 2F 2-2: Ground out 4-3 (Groundball, 4M, EV 106.2 MPH)
|
|
Batting: LHB Angel Mejia
|
0-0: Swinging Strike 0-1: Swinging Strike 0-2: Foul Ball, location: 2F 0-2: Ball 1-2: Strikes out swinging
|
| Top of the 4th over - 2 runs, 2 hits, 0 errors, 0 left on base; San Diego 3 - Milwaukee 0 |
| BOTTOM OF THE 4TH |
|
Milwaukee Brewers batting - Pitching for San Diego Padres : LHP Matt Wheeler
|
|
Batting: RHB Adrian Rudkilde
|
0-0: Ground out 5-3 (Groundball, 5S, EV 76.2 MPH)
|
|
Batting: SHB Junzo Kato
|
0-0: Ball 1-0: Called Strike 1-1: Ball 2-1: Foul Ball, location: 2F 2-2: SINGLE (Groundball, 6MD, EV 96.2 MPH)
|
|
Batting: RHB Kisho Ito
|
0-0: Called Strike 0-1: Called Strike 0-2: Ball 1-2: Ball 2-2: Strikes out swinging
|
|
Batting: RHB Daniel Donovan
|
0-0: Ball 1-0: Called Strike 1-1: SINGLE (Groundball, 6S, EV 70.6 MPH) (infield hit) Junzo Kato to second
|
|
Batting: RHB Colin Boddy
|
0-0: Called Strike 0-1: Foul Ball, location: 2F 0-2: Strikes out swinging
|
| Bottom of the 4th over - 0 runs, 2 hits, 0 errors, 2 left on base; San Diego 3 - Milwaukee 0 |
| TOP OF THE 5TH |
|
San Diego Padres batting - Pitching for Milwaukee Brewers : RHP Travis Southern
|
|
Pitching: RHP Chris Geraci
|
|
|
Now at C: Ben Campbell
|
|
|
Now at 3B: Mike Ball
|
|
|
Now at SS: Joe LaDue
|
|
|
Batting: RHB Rodolfo Rivera
|
0-0: Called Strike 0-1: Ball 1-1: Ball 2-1: Ball 3-1: Called Strike 3-2: Base on Balls
|
|
Batting: RHB Wally Cangro
|
0-0: Foul Ball, location: 2F 0-1: Ball 1-1: Swinging Strike 1-2: Foul Ball, location: 2F 1-2: Ball 2-2: Strikes out looking
|
|
Batting: RHB Brian DeVoe
|
0-0: Foul Ball, location: 2F 0-1: Foul Ball, location: 2F 0-2: SINGLE (Flyball, 4D, EV 91.2 MPH) Rodolfo Rivera to second
|
|
Batting: RHB Hildo Pot
|
0-0: Called Strike 0-1: Ball 1-1: Ball 2-1: Foul Ball, location: 2F 2-2: Ball 3-2: Grounds into double play, 4-6-3 (Groundball, 4, EV 84.4 MPH)
|
| Top of the 5th over - 0 runs, 1 hit, 0 errors, 1 left on base; San Diego 3 - Milwaukee 0 |
| BOTTOM OF THE 5TH |
|
Milwaukee Brewers batting - Pitching for San Diego Padres : LHP Matt Wheeler
|
|
Now at C: Hugo MacBeth
|
|
|
Now at 1B: Andy Sheridan
|
|
|
Batting: SHB Pat Wilson
|
0-0: Called Strike 0-1: Ball 1-1: Foul Ball, location: 2F 1-2: Strikes out looking
|
|
Batting: RHB Chris King
|
0-0: Ball 1-0: Ball 2-0: Called Strike 2-1: Ball 3-1: Ground out 5-3 (Groundball, 5, EV 84.4 MPH)
|
|
Batting: LHB Gabe Harvey
|
0-0: Foul Ball, location: 2F 0-1: Ball 1-1: Called Strike 1-2: Ball 2-2: Ground out 4-3 (Groundball, 4, EV 81.2 MPH)
|
| Bottom of the 5th over - 0 runs, 0 hits, 0 errors, 0 left on base; San Diego 3 - Milwaukee 0 |
| TOP OF THE 6TH |
|
San Diego Padres batting - Pitching for Milwaukee Brewers : RHP Chris Geraci
|
|
Pitching: RHP Adam McCurdy
|
|
|
Now at 1B: Joe LaDue
|
|
|
Now at 2B: Sadataka Kuwahara
|
|
|
Now at SS: Noah Stanley
|
|
|
Batting: RHB Andy Sheridan
|
0-0: Called Strike 0-1: Swinging Strike 0-2: Ground out 4-3 (Groundball, 34, EV 80.6 MPH)
|
|
Pinch Hitting: SHB Phil Zacharia
|
0-0: Ball 1-0: Ball 2-0: DOUBLE (Line Drive, 9LM, EV 112.5 MPH)
|
|
Pinch Hitting: RHB Jose Morrissey
|
0-0: Ball 1-0: Called Strike 1-1: Ball 2-1: Ground out 4-3 (Groundball, 4, EV 88.8 MPH) Phil Zacharia to third
|
|
Batting: RHB Kaeo Zirpoli
|
0-0: Called Strike 0-1: Foul Ball, location: 2F 0-2: Fly out, F8 (Flyball, 89S, EV 79.4 MPH)
|
| Top of the 6th over - 0 runs, 1 hit, 0 errors, 1 left on base; San Diego 3 - Milwaukee 0 |
| BOTTOM OF THE 6TH |
|
Milwaukee Brewers batting - Pitching for San Diego Padres : LHP Matt Wheeler
|
|
Pitching: RHP Tom Ackerman
|
|
|
Now at 3B: Jose Morrissey
|
|
|
Now in CF: Phil Zacharia
|
|
|
Now in RF: Wally Cangro
|
|
|
Batting: RHB Mike Ball
|
0-0: Ball 1-0: Ball 2-0: Ball 3-0: Foul Ball, location: 2F 3-1: Swinging Strike 3-2: Ground out 6-3 (Groundball, 6, EV 92.5 MPH)
|
|
Batting: RHB Adrian Rudkilde
|
0-0: Called Strike 0-1: Ball 1-1: Swinging Strike 1-2: Ball 2-2: Ball 3-2: Foul Ball, location: 2F 3-2: Fly out, F8 (Flyball, 8RXD, EV 98.8 MPH)
|
|
Batting: RHB Noah Stanley
|
0-0: Called Strike 0-1: Ball 1-1: Swinging Strike 1-2: Foul Ball, location: 2F 1-2: Foul Ball, location: 2F 1-2: Ball 2-2: Strikes out swinging
|
| Bottom of the 6th over - 0 runs, 0 hits, 0 errors, 0 left on base; San Diego 3 - Milwaukee 0 |
| TOP OF THE 7TH |
|
San Diego Padres batting - Pitching for Milwaukee Brewers : RHP Adam McCurdy
|
|
Now in RF: Alfredo de la Cruz
|
|
|
Pinch Hitting: RHB Eisse Bravenboer
|
0-0: Called Strike 0-1: Swinging Strike 0-2: Strikes out swinging
|
|
Batting: LHB Hugo MacBeth
|
0-0: Swinging Strike 0-1: Ball 1-1: DOUBLE (Flyball, 78D, EV 108.1 MPH)
|
|
Pinch Hitting: LHB Carlos Cuellar
|
0-0: Called Strike 0-1: SINGLE (Groundball, P, EV 83.1 MPH) (infield hit) Hugo MacBeth to third
|
|
Pinch Hitting: RHB Luis Torres
|
0-0: Called Strike 0-1: Ball 1-1: Ball 2-1: Ball 3-1: Foul Ball, location: 2F 3-2: Base on Balls Carlos Cuellar to second
|
|
Pinch Hitting: SHB Blake Abbott
|
0-0: Grounds into fielders choice 4-2 (Groundball, 4, EV 103.1 MPH) Carlos Cuellar to third Luis Torres to second
|
|
Batting: RHB Andy Sheridan
|
0-0: Fly out, F7 (Flyball, 7D, EV 85.0 MPH)
|
| Top of the 7th over - 0 runs, 2 hits, 0 errors, 3 left on base; San Diego 3 - Milwaukee 0 |
| TOP OF THE 8TH |
|
San Diego Padres batting - Pitching for Milwaukee Brewers : RHP Adam McCurdy
|
|
Pitching: RHP Chitoji Takemoto
|
|
|
Now in LF: Alfredo de la Cruz
|
|
|
Now in CF: Lewis Thorpe Jr.
|
|
|
Now in RF: Akitada Nishizawa
|
|
|
Batting: SHB Phil Zacharia
|
0-0: Called Strike 0-1: Foul Ball, location: 2F 0-2: SINGLE (Line Drive, 78S, EV 93.8 MPH)
|
|
Batting: RHB Jose Morrissey
|
0-0: Ball 1-0: SINGLE (Groundball, 3D, EV 111.9 MPH) Phil Zacharia to second Runner from 2nd tries for 3rd, SAFE, throw by RF made to third Jose Morrissey to second
|
|
Batting: RHB Kaeo Zirpoli
|
0-0: Ball 1-0: Called Strike 1-1: Swinging Strike 1-2: Ball 2-2: Strikes out swinging
|
|
Batting: RHB Eisse Bravenboer
|
0-0: Ball 1-0: Ball 2-0: Ball 3-0: Called Strike 3-1: Called Strike 3-2: Fly out, F9 (Flyball, 89S, EV 93.1 MPH)
|
|
Batting: LHB Hugo MacBeth
|
0-0: Ball 1-0: DOUBLE (Line Drive, 9LM, EV 99.4 MPH) Phil Zacharia scores Jose Morrissey scores
|
|
Batting: LHB Carlos Cuellar
|
0-0: Foul Ball, location: 2F 0-1: Swinging Strike 0-2: Ball 1-2: Strikes out swinging
|
| Top of the 8th over - 2 runs, 3 hits, 0 errors, 1 left on base; San Diego 5 - Milwaukee 1 |
| BOTTOM OF THE 8TH |
|
Milwaukee Brewers batting - Pitching for San Diego Padres : RHP Eddie Starks
|
|
Pitching: RHP Bryce Cleavinger
|
|
|
Batting: RHB Mike Ball
|
0-0: Called Strike 0-1: Ground out 6-3 (Groundball, 6, EV 85.6 MPH)
|
|
Batting: RHB Adrian Rudkilde
|
0-0: Ball 1-0: Ball 2-0: Ball 3-0: Called Strike 3-1: SINGLE (Groundball, 15S, EV 76.2 MPH) (infield hit)
|
|
Batting: RHB Noah Stanley
|
0-0: Ball 1-0: Ball 2-0: Fly out, F8 (Flyball, 8RM, EV 83.8 MPH)
|
|
Batting: RHB Joe LaDue
|
0-0: Ball 1-0: Ground out 6-3 (Groundball, 6S, EV 90.0 MPH)
|
| Bottom of the 8th over - 0 runs, 1 hit, 0 errors, 1 left on base; San Diego 5 - Milwaukee 1 |
| TOP OF THE 9TH |
|
San Diego Padres batting - Pitching for Milwaukee Brewers : RHP Chitoji Takemoto
|
|
Pitching: RHP Mekonen Mahfudh
|
|
|
Batting: RHB Luis Torres
|
0-0: Ground out 2-3 (Groundball, 2L, EV 68.1 MPH)
|
|
Batting: SHB Blake Abbott
|
0-0: Ball 1-0: Ground out 6-3 (Groundball, 6, EV 86.2 MPH)
|
|
Batting: RHB Andy Sheridan
|
0-0: Ball 1-0: Ball 2-0: Ball 3-0: Base on Balls
|
|
Batting: SHB Phil Zacharia
|
0-0: SINGLE (Groundball, 6MS, EV 66.2 MPH) (infield hit) Andy Sheridan to second
|
|
Pinch Runner at 1st Manny Vergara:
|
|
|
Batting: RHB Jose Morrissey
|
0-0: Fly out, F7 (Line Drive, 78M, EV 89.4 MPH)
|
| Top of the 9th over - 0 runs, 1 hit, 0 errors, 2 left on base; San Diego 5 - Milwaukee 1 |
| BOTTOM OF THE 9TH |
|
Milwaukee Brewers batting - Pitching for San Diego Padres : RHP Bryce Cleavinger
|
|
Pitching: RHP Jose Ramos
|
|
|
Now in CF: Manny Vergara
|
|
|
Batting: RHB Akitada Nishizawa
|
0-0: Ball 1-0: Ball 2-0: Foul Ball, location: 2F 2-1: SINGLE (Groundball, 34, EV 102.5 MPH)
|
|
Batting: RHB Ben Campbell
|
0-0: Called Strike 0-1: Ball 1-1: Foul Ball, location: 2F 1-2: Ball 2-2: Fly out, F9 (Line Drive, 9, EV 99.4 MPH)
|
|
Batting: SHB Lewis Thorpe Jr.
|
0-0: Called Strike 0-1: Called Strike 0-2: Ball 1-2: Ball 2-2: Strikes out swinging
|
|
Batting: RHB Sadataka Kuwahara
|
0-0: Ball 1-0: Ball 2-0: Swinging Strike 2-1: Ball 3-1: Swinging Strike 3-2: Base on Balls Akitada Nishizawa to second
|
|
Batting: LHB Alfredo de la Cruz
|
0-0: Ball 1-0: Ball 2-0: Ball 3-0: Called Strike 3-1: Called Strike 3-2: Strikes out looking
|
| Bottom of the 9th over - 0 runs, 1 hit, 0 errors, 2 left on base; San Diego 5 - Milwaukee 1 |
|